Cogmind - Beta 16 @@@ ROGUE MODE // 2025.10.23 @ 14:09:12 Player: BertMcSee Result: Self-destructed Performance ------------- Evolutions (2) 1000 Regions Visited (3) 600 Robots Destroyed (23) 115 Value Destroyed (417) 417 Prototype IDs (1) 20 Alien Tech Used (0) 0 Bonus (0) 0 TOTAL SCORE: 2152 Bonus ------- None Cogmind --------- Core Integrity 506/550 Matter 156/300 Energy 265/265 System Corruption 0% Temperature Cool (58) Movement Walking (105) Location -8/Materials Parts ------- > --- POWER (1) -------- Improved Ion Engine > --- PROPULSION (4) --- Aluminum Leg Aluminum Leg Aluminum Leg Airjet > --- UTILITY (4) ------ Signal Interpreter Improved Terrain Scanner Terrain Scan Processor Seismic Detector > --- WEAPON (2) ------- Beam Rifle Light Assault Rifle > --- INVENTORY (5) ---- Ion Engine Aluminum Leg ECM Suite Rocket Launcher Mining Laser Peak State ------------ > --- POWER ------------ Improved Ion Engine > --- PROPULSION ------- Aluminum Leg Aluminum Leg Airjet > --- UTILITY ---------- Signal Interpreter Improved Terrain Scanner Terrain Scan Processor Seismic Detector > --- WEAPON ----------- Heavy EM Shotgun Light Assault Rifle > --- INVENTORY -------- Ion Engine ECM Suite Rocket Launcher Mining Laser [Rating: 19] Favorites ----------- Power Ion Engine Engine Ion Engine Propulsion Aluminum Leg Leg Aluminum Leg Hover Unit Airjet Utility Improved Terrain Scanner Device Improved Terrain Scanner Processor Terrain Scan Processor Weapon Medium Laser Energy Gun Medium Laser Ballistic Gun Assault Rifle Launcher Rocket Launcher Special Weapon Mining Laser Build | -11 -10 -9 -8 ------- Run | Yrd Mat Mat Mat Slots Evolved 4 | . . 2 2 Power . | . . . . Propulsion 2 | . . 1 1 Utility 2 | . . 1 1 Weapon . | . . . . Parts Attached 27 | 8 8 6 5 Power 5 | 2 2 1 . Engine 5 | 2 2 1 . Core . | . . . . Reactor . | . . . . Propulsion 7 | 2 2 . 3 Treads . | . . . . Leg 6 | 2 2 . 2 Wheel . | . . . . Hover 1 | . . . 1 Flight . | . . . . Utility 5 | 2 1 2 . Device 3 | 2 . 1 . Storage . | . . . . Processor 2 | . 1 1 . Hackware . | . . . . Protection . | . . . . Artifact . | . . . . Weapon 10 | 2 3 3 2 Energy Gun 5 | 1 2 1 1 Energy Cannon . | . . . . Ballistic Gun 3 | 1 . 2 . Ballistic Cannon . | . . . . Launcher 1 | . . . 1 Special Weapon 1 | . 1 . . Impact Weapon . | . . . . Slashing Weapon . | . . . . Piercing Weapon . | . . . . Special Melee Weapon . | . . . . Unidentified Prototypes 1 | . . . 1 Parts Lost . | . . . . Power . | . . . . Propulsion . | . . . . Utility . | . . . . Weapon . | . . . . Highest Loss Streak . | . . . . To Critical Strikes . | . . . . Average Backups 4 | 1 4 4 4 Power . | . . . 1 Propulsion . | . . . . Utility 1 | . 2 2 1 Weapon 1 | . 2 2 2 Tool/Special . | . . . . Unused Backups 3 | . 3 . . Power 1 | . 1 . . Propulsion . | . . . . Utility 1 | . 1 . . Weapon 1 | . 1 . . Tool/Special . | . . . . Average Slot Usage (%) 94 | . 98 87 89 Engine 12 | . 14 10 9 Leg 25 | . 27 22 20 Hover 1 | . . . 6 Device 14 | . 14 11 16 Processor 15 | . 13 21 18 Energy Gun 11 | . 14 9 7 Ballistic Gun 9 | . 9 8 9 Special Weapon 3 | . 4 3 1 Peak Build Rating 19 | 9 10 14 19 Average Rating 10 | 5 9 12 16 On Entrance 7 | . 9 10 12 Avg Prop Armor Cover (%) 4 | . . . 4 Naked Turns . | . . . . Heaviest Build 14 | 11 11 14 14 Greatest Support 30 | 20 20 20 30 Greatest Overweight (x) . | . . . . Average Overweight (x) . | . . . . Largest Inventory Capacity 5 | 5 5 5 5 Average Capacity 5 | 5 5 5 5 Most Carried 5 | 4 5 5 5 Average Carried 4 | 1 4 4 4 Final Capacity 5 | 5 5 5 5 Final Carried 5 | 4 5 5 5 Class Distribution -------------------- 74% | Mutant 25% | Scavenger-Mutant Dominant Class ---------------- Mutant | -10/Materials Mutant | -9/Materials Scavenger-Mutant | -8/Materials Resources | -11 -10 -9 -8 ----------- Run | Yrd Mat Mat Mat Matter Collected 628 | 332 108 116 72 Remotely . | . . . . Salvage Created 738 | 87 401 116 134 Parts 54 | 12 27 8 7 Haulers Intercepted 2 | . 1 . 1 Recyclers Shooed . | . . . . Parts Field Recycled . | . . . . Retrieved Matter . | . . . . Parts Self-Destructed . | . . . . Prevented . | . . . . Parts Restored . | . . . . Kills | -11 -10 -9 -8 ------- Run | Yrd Mat Mat Mat Combat Hostiles Destroyed 12 | . 8 2 2 Guns 12 | . 8 2 2 Classes Destroyed 8 | 2 5 1 . Worker 3 | 2 . . 1 Builder 2 | . 2 . . Tunneler 3 | 3 . . . Hauler 2 | . 1 . 1 Recycler 1 | . 1 . . Swarmer 4 | . 4 . . Grunt 6 | . 4 . 2 Sentry 2 | . . 2 . Best Kill Streak 5 | 2 5 1 2 Combat Bots Only 3 | . 3 1 2 Max Kills in Single Turn 1 | 1 1 1 1 Gunslinging . | . . . . Exploded . | . . . . Melee . | . . . . Uniques/NPCs Destroyed . | . . . . Combat | -11 -10 -9 -8 -------- Run | Yrd Mat Mat Mat Hostile Shots Fired 77 | . 42 18 17 Missed 29 | . 19 6 4 Hits 48 | . 23 12 13 Projectile 48 | . 23 12 13 Critical Strikes 2 | . . 1 1 Damage Taken 609 | . 236 174 199 Core 188 | . 101 43 44 Absorbed by Shields . | . . . . Regen/Repaired (Parts) 37 | . 37 . . Core Remaining (%) 82 | 100 59 89 . Volleys Fired 81 | 19 33 8 21 Largest 2 | 2 2 2 2 Hottest 150 | 70 150 100 76 Shots Fired 153 | 38 60 15 40 Gun 144 | 38 54 14 38 Cannon . | . . . . Launcher 2 | . . . 2 Special 7 | . 6 1 . Kinetic 72 | 19 27 7 19 Thermal 79 | 19 33 8 19 Explosive 2 | . . . 2 Electromagnetic . | . . . . Robot Hit Streak 16 | 5 9 16 13 Robot Miss Streak 8 | 5 8 2 3 Penetration Max . | . . . . Secondary Targets . | . . . . Shots Hit Robots 85 | 20 25 10 30 Core Hits 41 | 6 18 4 13 Critical Kills . | . . . . Critical Parts Destroyed . | . . . . Critical Strikes 8 | 2 2 2 2 Burn 8 | 2 2 2 2 Melee Attacks . | . . . . Impact . | . . . . Slashing . | . . . . Piercing . | . . . . Sneak Attacks . | . . . . Combat Hostiles . | . . . . Follow-up Attacks . | . . . . Damage Inflicted 1213 | 247 337 138 491 Guns 1051 | 247 328 138 338 Cannons . | . . . . Explosions 149 | . . . 149 Melee . | . . . . Ramming 13 | . 9 . 4 Kinetic 435 | 133 141 57 104 Thermal 616 | 114 187 81 234 Explosive 149 | . . . 149 Electromagnetic . | . . . . Impact . | . . . . Slashing . | . . . . Piercing . | . . . . Highest Corruption . | . . . . Average Corruption . | . . . . Corruption Purged . | . . . . Corruption Blocked . | . . . . Overload Shots . | . . . . Overflow Damage . | . . . . Projectiles . | . . . . Explosions . | . . . . Melee . | . . . . Knockbacks . | . . . . Impact . | . . . . Kinetic . | . . . . Secondary . | . . . . Self-Inflicted Damage . | . . . . Shots . | . . . . Rammed . | . . . . Targets Rammed 3 | . 2 . 1 Kicked 3 | . 2 . 1 Crushed . | . . . . Highest Temperature 129 | 36 72 45 129 Average Temperature 24 | 14 20 18 42 Received Heat Transfer 291 | . 66 90 135 Siege Activations . | . . . . Martial Activations . | . . . . Shielding Activations . | . . . . Robots Disrupted . | . . . . Combat Hostiles . | . . . . Robots Corrupted . | . . . . Combat Hostiles . | . . . . Parts Fried . | . . . . Impact Corruptions . | . . . . Robots Melted . | . . . . Combat Hostiles . | . . . . Parts Melted 6 | . 2 2 2 Heat Transferred 2294 | 481 703 370 740 Parts Sabotaged . | . . . . Parts Stolen . | . . . . Parts Stripped . | . . . . Power Chain Reactions . | . . . . Alert | -11 -10 -9 -8 ------- Run | Yrd Mat Mat Mat Maximum Alert Level . | . . . . Low Security (%) 100 | 100 100 100 100 Level 1 . | . . . . Level 2 . | . . . . Level 3 . | . . . . Level 4 . | . . . . Level 5 . | . . . . High Security . | . . . . Max Security . | . . . . Peak Influence 91 | 5 91 30 44 Initial . | . . . . Average 17 | . 28 5 13 Influence Increases 431 | 25 274 61 71 Destroy 0b10 Robot/C 240 | . 160 40 40 Destroy 0b10 Robot/NC 55 | 25 20 . 10 Destroy Leader 64 | . 42 20 2 Destroy Structure 27 | . 7 1 19 Lose Combat Pursuer 45 | . 45 . . Influence Decreases 420 | 25 273 61 61 Entered New Map 2 | . . 1 1 Time Decay 418 | 25 273 60 60 Squads Dispatched 2 | . 1 . 1 Investigation 1 | . 1 . . Extermination . | . . . . Reinforcement 1 | . . . 1 Assault . | . . . . Garrison . | . . . . Intercept . | . . . . Searches Triggered . | . . . . Construction Impeded 1 | . . . 1 Haulers Reinforced . | . . . . Active Scanning Responses . | . . . . Cargo Convoy Interrupts . | . . . . Stealth | -11 -10 -9 -8 --------- Run | Yrd Mat Mat Mat Distress Signals 3 | . 3 . . Communications Jammed . | . . . . Distress Signals . | . . . . Times Spotted 30 | . 22 4 4 Peak Tracking Total 5 | . 5 2 2 Tactical Retreats 3 | . 3 . . Traps | -11 -10 -9 -8 ------- Run | Yrd Mat Mat Mat Traps Triggered 2 | . 1 1 . Indirectly . | . . . . Trap Hack Attempts . | . . . . Triggered . | . . . . Disarmed . | . . . . Reprogrammed . | . . . . Reused . | . . . . Traps Extracted . | . . . . Installed . | . . . . Triggered . | . . . . Machines | -11 -10 -9 -8 ---------- Run | Yrd Mat Mat Mat Machines Disabled . | . . . . Max in Single Turn . | . . . . Machines Repaired . | . . . . Machines Dismantled . | . . . . Machines Sabotaged . | . . . . Overloaded Fab Kills . | . . . . Hacking | -11 -10 -9 -8 --------- Run | Yrd Mat Mat Mat Machines Accessed 7 | . 5 2 . Terminals 4 | . 3 1 . Fabricators . | . . . . Repair Stations 1 | . 1 . . Recycling Units 1 | . 1 . . Scanalyzers 1 | . . 1 . Garrison Access . | . . . . Total Hacks 18 | . 9 9 . Successful 11 | . 7 4 . Failed 7 | . 2 5 . Catastrophic 1 | . . 1 . Database Lockouts . | . . . . Manual . | . . . . Terminals 8 | . 4 4 . Fabricators . | . . . . Repair Stations 4 | . 4 . . Recycling Units 1 | . 1 . . Scanalyzers 5 | . . 5 . Garrison Access . | . . . . Terminal Hacks 4 | . 3 1 . Alert Level 1 | . 1 . . Locate Traps 3 | . 2 1 . Fabricator Hacks . | . . . . Repair Station Hacks 4 | . 4 . . Scan Component 2 | . 2 . . Repair 2 | . 2 . . Recycling Unit Hacks . | . . . . Scanalyzer 3 | . . 3 . Insert Component 1 | . . 1 . Analyze 1 | . . 1 . Retrieve Study 1 | . . 1 . Garrison Access Hacks . | . . . . Unauthorized Hacks . | . . . . Terminals . | . . . . Fabricators . | . . . . Repair Stations . | . . . . Recycling Units . | . . . . Scanalyzers . | . . . . Garrison Access . | . . . . Data Cores Recovered . | . . . . Used . | . . . . Hacking Detections 3 | . 2 1 . Full Trace Events . | . . . . Feedback Events . | . . . . Feedback Blocked . | . . . . Robot Schematics Acquired . | . . . . Robots Built . | . . . . Authchips . | . . . . Time . | . . . . Total Robot Build Rating . | . . . . Part Schematics Acquired 1 | . . 1 . Parts Built . | . . . . Authchips . | . . . . Time . | . . . . Total Part Build Rating . | . . . . Part Studies Acquired 1 | . . 1 . Parts Repaired 2 | . 2 . . Time 64 | . 64 . . Parts Recycled . | . . . . Recycled Matter . | . . . . Retrieved Matter . | . . . . Retrieved Components . | . . . . Parts Scanalyzed 1 | . . 1 . Part Schematics Acquired 1 | . . 1 . Parts Damaged . | . . . . Bothacking | -11 -10 -9 -8 ------------ Run | Yrd Mat Mat Mat Used RIF Installer . | . . . . Robots Hacked . | . . . . Non-combat . | . . . . Combat . | . . . . Robot Hacks Applied . | . . . . Relay Couplers Released . | . . . . Fabnet Peak Effective % . | . . . . Robots Rewired . | . . . . Allies Hacked . | . . . . Hacks Repelled . | . . . . Allies | -11 -10 -9 -8 -------- Run | Yrd Mat Mat Mat Total Allies . | . . . . Largest Group . | . . . . Highest-Rated Group . | . . . . Highest-Rated Ally . | . . . . Total Orders . | . . . . Ally Attacks . | . . . . Total Damage . | . . . . Kills . | . . . . Allies Corrupted . | . . . . Allies Melted . | . . . . Intel | -11 -10 -9 -8 ------- Run | Yrd Mat Mat Mat Active Infowar (turns) 1392 | 36 833 274 249 Terrain 1392 | 36 833 274 249 Seismic 89 | 28 14 . 47 ECM 1 | . . 1 . Robot Analysis Total . | . . . . Derelict Logs Recovered . | . . . . Drone Launches . | . . . . Drone Recoveries . | . . . . Exploration | -11 -10 -9 -8 ------------- Run | Yrd Mat Mat Mat Turns Passed 1659 | 265 871 274 249 Spaces Moved 1036 | 175 525 177 159 Core 25 | 25 . . . Treads . | . . . . Legs 1011 | 150 525 177 159 Wheels . | . . . . Hover . | . . . . Flight . | . . . . Fastest Speed 50 | 50 120 105 105 Average Speed 115 | 110 120 119 105 Slowest Speed 120 | 120 120 120 105 Overloaded Moves . | . . . . Propulsion Burnouts . | . . . . Robots Hopped . | . . . . Potential Cave-ins . | . . . . Cave-ins Triggered . | . . . . Exploration Rate (%) 24 | 5 64 20 10 Regions Visited 3 Branch Regions . Pre-discovered Areas . | . . . . Known Exits Taken 1 | . . 1 . Unknown Exits Taken 2 | 1 1 . . Scrap Searched . | . . . . Spaces Dug 7 | . 6 1 . Terrain Destroyed 29 | . 6 1 22 Melee . | . . . . Projectile 7 | . 6 1 . AOE 22 | . . . 22 Terrain Rammed . | . . . . Walls Destroyed . | . . . . Machines Disabled . | . . . . Actions | -11 -10 -9 -8 --------- Run | Yrd Mat Mat Mat Total 1322 | 206 696 219 201 Wait 141 | . 111 21 9 Move 1033 | 174 524 176 159 Hop . | . . . . Pick Up 11 | 5 6 . . Fast Attach 18 | 5 3 6 4 Attach 4 | 2 . 1 1 Detach . | . . . . Swap 16 | 1 7 4 4 Drop 15 | . 10 3 2 Fire 81 | 19 33 8 21 Melee . | . . . . Ram . | . . . . Kick 3 | . 2 . 1 Crush . | . . . . Escape Stasis . | . . . . Rewire . | . . . . Trap . | . . . . Miscellaneous . | . . . . Route ------- -11/Scrapyard -10/Materials (discovered 2 exits: *Mat x2) -9/Materials (discovered 2 exits: *Mat / [*Min]) -8/Materials History --------- Turn | Location | Event 5 | -11/Scrapyard | Discovered new exit (range 15) 266 | -11/Scrapyard | Entered Materials 303 | -10/Materials | Build established: Mutant 582 | -10/Materials | Discovered new exit (range 16) 790 | -10/Materials | Repaired Aluminum Leg 829 | -10/Materials | Repaired Imp. Terrain Scanner 1128 | -10/Materials | Discovered new exit (range 4) 1137 | -10/Materials | Entered another Materials area 1137 | -9/Materials | Evolved 2 slots: Propulsion x1, Utility x1 1341 | -9/Materials | Discovered new exit (range 16) 1408 | -9/Materials | Discovered new exit (range 7) 1410 | -9/Materials | Identified exit to Materials 1411 | -9/Materials | Entered another Materials area 1411 | -8/Materials | Evolved 2 slots: Propulsion x1, Utility x1 1660 | -8/Materials | Self-destructed Last Messages --------------- 01583_ U-05 Engineer builds a Wall. 01584_ U-05 Engineer lays Concrete. 01585_ U-05 Engineer builds a Door. 01588_ R-06 Scavenger collects Particle Gun. 01588_ Kicked R-06 Scavenger out of the way. 01593_ U-05 Engineer lays Concrete. 01596_ K-01 Serf collects debris. 01597_ U-05 Engineer lays Concrete. 01600_ K-01 Serf collects debris. 01607_ T-07 Excavator is excavating. 01616_ U-05 Engineer lays Concrete. 01617_ ALERT: Construction progress impeded, dispatching reinforcements to local area. 01622_ U-05 Engineer lays Concrete. 01632_ K-01 Serf cleans the Material Compactor. 01638_ A-02 Transporter suffers critical hit (Burn). 01644_ Transport Network Coupler melted. 01644_ Weight Redist. System melted. 01644_ A-02 Transporter destroyed. 01650_ K-01 Serf collects debris. Map ----- +----------------------------------------------------+ | | | ???#??##?????#####?#?##?#??##???##?#???#?????????? | | #??###########??#?#?#?##?###?#?#??##?????????????? | | #### ##?####?#?#??#??#?????#????##???????? | | ???# """ """ #######?#??##?##?#??##??????????????? | | ???# """ """ #?#?##?##?#############??#??????????? | | ??## """ """ ####??????#??# ##??##??????????? | | ???# #???#?######## #???#?#?????????? | | #??# [ ! ####?##!! #?# ###??#??????????? | | ???# "T" #?##?##!! [### ##?####?????????? | | ?### """ #?#####!! ### ######?#?????????? | | ??######+########### + ###?####?#???????? | | #?# / # ##########??###????????? | | ??# #######"" # ####?#########?#???????? | | #?# ###?###"Y ]# #############???????#??? | | ########+###+###???#"" # # #?#####?#?????? | | ### ##### # # #######??????#? | | ?## ########## # """ ###?#?##??????? | | #?# ######?### # """"" #######???????? | | ??# ###?###### # """"" ###?#?????????? | | ?## ####?### # """"" #??#?####?????? | | ??##################### + """ ######????????? | | ?????????#??#########?# # ####?#??#?????? | | #????????????########## # #####???#?????? | | ?????#?#?##??########## #############?##???????? | | ?#?????#??####?#??##### k@# ? #?#??##???????? | | ??#???#??##?#####?##?## # ""? ###?####??????? | | ??????#??#?#?########## # ?""" "?"?#?????????? | | ?????????#??#???##?## # ??""?? R"???????????? | | ????????????##?#?###### #?? """##?#?????#?? | | ?????#??????#?####??# #==k/ "S #?#?????#?????? | | ???#?????????#?####?# #=%=#??"" ? ?#?##???#???#??? | | ??????????????#?#?### #]=]# ""? ?####??????????? | | ????????????????# ? # #? ?? ? ?###????#??????? | | ????????????????# "?" # g ?######?#??#??#???????? | | ?????????????????? ? g ###?####??#???????????? | | ??????????????????????# ##?##?#??#??#??????????? | | ??????????????????? ??# a #???##???#?????????????? | | ??????????????????????# ##?#???#???????????????? | | ??????????????????????# ???#???????????????????? | | ??????????????????????? ???#???????????????????? | | ?????????????????????????????????????????????????? | | ?????????????????????????????????????????????????? | | ?????????????????????????????????????????????????? | | ?????????????????????????????????????????????????? | | ?????????????????????????????????????????????????? | | ?????????????????????????????????????????????????? | | ?????????????????????????????????????????????????? | | ?????????????????????????????????????????????????? | | ?????????????????????????????????????????????????? | +----------------------------------------------------+ Best States ------------- Heat Dissipation 31 Energy Generation 12 Energy Capacity 265 Matter Stores 300 Matter Capacity 300 Sight Range 16 Terrain Scan Range 16 Terrain Scan Density 85 Evasion (%) 55 Item Schematics ----------------- Beam Rifle | -9/Materials | Scanalyzed Robot Schematics ------------------ None Fabricated ------------ Nothing Repaired ---------- Aluminum Leg | 72% | -10/Materials Imp. Terrain Scanner | 45% | -10/Materials Studied --------- Aluminum Leg | -9/Materials | Hacked Alien Tech Used ----------------- None Achievements -------------- DATA ERROR: Steam Global Achievement% For Emergencies Only Item+ Organ Harvest Challenges ------------ None Game ------ Seed Hannahismywife Manual? 1 Play Time 00:24:29 Cumulative 16.7 hours Start 2025.10.22 @ 19:27:50 End 2025.10.23 @ 14:09:12 Sessions 1 Manual Loads 0 Difficulty Rogue Special Mode None Game No. 25 Rogue 14 Adventurer 10 Explorer 1 Win Type - Total 0 Types 0/0/0/0/0/0/0/0/0/0 Lore% 10 Gallery% 18 Achievement% 10 Wizard Run 0 Options --------- Layout 0 ASCII 0 Keyboard 0 Movement Arrows Keybinds 0 Fullscreen 2 Font 18/SmallcapsGlow Map View 76x50 Zoom Use 0% Tactical HUD 1 Map Filters NONE Filters NONE Steam 1 RUN: 3a9e968c-8516-4234-8a51-f7fb6c60ca7f